Map: Blackburn LE

Players

Leonerdo

  • Race: Protoss Protoss
  • League: Silver

Throwfordays - Winner!

  • Race: Terran Terran
  • League: Gold

VOD

Have the link to the VOD?

Description

Time

  • Played on: Aug. 27, 2021, 7:23 p.m.
  • Length: 7:57
Show
View Real Time Build Order
Export as new Build Order

Leonerdo Protoss 

Build Orders:  

Get SALT Encoding   

  12  0:02  Probe (Chrono Boost)  
  13  0:11  Probe (Chrono Boost)  
  14  0:16  Probe (Chrono Boost)  
  15  0:42  Pylon  
  15  0:59  Pylon  
  15  1:00  Probe (Chrono Boost)  
  15  1:03  Pylon  
  17  1:12  Probe (Chrono Boost)  
  17  1:16  Gateway  
  17  1:17  Probe (Chrono Boost)  
  18  1:27  Probe  
  18  1:29  Forge  
  19  1:39  Probe  
  20  1:51  Probe  
  20  1:52  Assimilator  
  21  2:03  Probe  
  21  2:06  Cybernetics Core  
  22  2:17  Nexus  
  22  2:27  Photon Cannon  
  22  2:34  Zealot  
  24  2:50  Pylon  
  24  2:54  Pylon  
  24  3:16  Photon Cannon  
  24  3:20  Photon Cannon  
  24  3:26  Photon Cannon  
  12  4:26  Photon Cannon  
  12  4:28  Photon Cannon  
  12  4:30  Photon Cannon  
  14  4:56  Probe  
  15  5:08  Probe  
  12  5:20  Probe  
  12  5:28  Pylon  
  12  5:34  Probe (Chrono Boost)  
  13  5:45  Probe (Chrono Boost)  
  12  6:16  Probe (Chrono Boost)  
  14  6:26  Probe (Chrono Boost)  
  14  6:31  Probe (Chrono Boost)  
  15  6:37  Pylon  
  15  6:42  Probe  
  15  6:49  Pylon  
  13  7:06  Probe (Chrono Boost)  
  13  7:07  Pylon  
  14  7:10  Pylon  
  15  7:17  Probe (Chrono Boost)  
  15  7:25  Probe (Chrono Boost)  
  16  7:30  Probe (Chrono Boost)  
  17  7:39  Probe  
Show
View Real Time Build Order
Export as new Build Order

Throwfordays Terran - Winner!

Build Orders:  

Get SALT Encoding   

  12  0:00  SCV  
  13  0:12  SCV  
  14  0:19  Supply Depot  
  14  0:25  SCV  
  15  0:29  Refinery  
  15  0:44  Barracks  
  15  0:46  SCV  
  16  0:55  Supply Depot  
  16  0:59  SCV  
  17  1:11  SCV  
  18  1:22  Barracks  
  18  1:23  SCV  
  19  1:31  Reaper  
  20  1:40  Barracks  
  20  1:46  SCV  
  21  1:57  Refinery  
  21  1:58  SCV  
  22  2:09  Reaper  
  22  2:10  SCV  
  22  2:13  Reaper, Supply Depot  
  25  2:27  Reaper  
  26  2:34  Supply Depot  
  26  2:37  SCV  
  26  2:41  Reaper  
  28  2:45  Reaper  
  28  2:49  SCV  
  30  3:06  Reaper, Engineering Bay  
  31  3:17  Barracks Reactor  
  31  3:21  Barracks Reactor  
  30  4:00  Reaper x5  
  35  4:32  Reaper x3  
  33  5:09  Reaper x2  
  33  5:10  Reaper x2  
  38  5:39  Barracks Reactor  
  38  5:41  Reaper, Terran Infantry Weapons Level 1  
  38  6:24  Command Center  
  38  6:26  SCV  
  38  6:29  Refinery  
  39  6:34  Refinery  
  39  6:37  Reaper x4  
  39  6:38  Reaper x2, SCV  
  46  7:23  Orbital Command  
Tags
 
Add a new tag
Caveats
  • Supply blocks, unpowered buildings, or Contaminate may cause inaccurate times.
  • Supply counts are checked every 10 seconds.